 Dungeon Crawl Stone Soup version 0.21-a0-630-g344d351 (webtiles) character file.

2352 Firecrotchwizard the Carver (level 9, -4/79 HPs)
             Began as a Minotaur Abyssal Knight on Dec 27, 2017.
             Was an Elder of Lugonu.
             Slain by an ice beast (13 damage)
             ... on level 8 of the Dungeon.
             The game lasted 00:12:41 (7287 turns).

Firecrotchwizard the Carver (MiAK)                  Turns: 7287, Time: 00:12:41

Health: -4/79      AC:  9    Str: 16    XL:     9   Next: 20%
Magic:  11/11      EV: 13    Int: 14    God:    Lugonu [****..]
Gold:   380        SH:  0    Dex: 14    Spells: 8/8 levels left

rFire    . . .     SeeInvis .   n - +1 long sword
rCold    . . .     Gourm    .   (no shield)
rNeg     . . .     Faith    .   d - +0 ring mail
rPois    .         Spirit   .   (helmet restricted)
rElec    .         Reflect  .   m - +0 cloak
rCorr    .         Harm     .   a - +0 pair of gloves
MR       .....                  (no boots)
Stlth    +.........             (no amulet)
HPRegen  0.23/turn              v - +5 ring of intelligence
MPRegen  0.12/turn              (no ring)

@: lethally poisoned (-4 -> -13)
A: retaliatory headbutt, horns 2
a: Depart the Abyss, Bend Space, Banish, Corrupt, Renounce Religion


You were on level 8 of the Dungeon.
You worshipped Lugonu.
Lugonu was greatly pleased with you.
You were not hungry.

You visited 1 branch of the dungeon, and saw 8 of its levels.
You visited the Abyss 1 time.

You collected 380 gold pieces.

Inventory:

Hand Weapons
 n - a +1 long sword (weapon)
   (You found it on level 2 of the Dungeon)
 w - the +6 dagger "Dragonslayer" {pain, rN+}
   (You found it on level 7 of the Dungeon)

   In the hands of one skilled in necromantic magic, it inflicts extra damage on
   living creatures.
   It protects you from negative energy.
Armour
 a - a +0 pair of gloves (worn)
   (You found it on level 5 of the Dungeon)
 b - a +0 leather armour
 d - a +0 ring mail (worn)
   (You found it on level 1 of the Abyss)
 m - a +0 cloak (worn)
   (You found it on level 6 of the Dungeon)
 C - a +0 leather armour of cold resistance
   (You took it off an orc on level 8 of the Dungeon)
Jewellery
 v - a +5 ring of intelligence (left hand)
   (You found it on level 6 of the Dungeon)
Wands
 s - a wand of paralysis (19)
   (You found it on level 4 of the Dungeon)
 E - a wand of polymorph (19)
   (You found it on level 8 of the Dungeon)
Scrolls
 g - a scroll of amnesia
 h - 3 scrolls of fog
 i - 12 scrolls of identify
 k - 2 scrolls of remove curse
 o - 4 scrolls of magic mapping {!r}
 u - a scroll of teleportation {unknown}
 y - a scroll of fear {unknown}
 A - a scroll of enchant armour {unknown}
Potions
 e - a potion of ambrosia {unknown}
 f - a potion of berserk rage {unknown}
 j - a potion of curing {unknown}
 l - a potion of mutation {unknown}
 p - 4 potions of lignification {!q}
 q - 3 potions of agility
 r - 2 potions of degeneration {@e1!q}
 t - a potion of resistance {unknown}
 x - 2 potions of cancellation {unknown}
 z - 2 potions of heal wounds
 B - a potion of brilliance {unknown}
Comestibles
 c - 13 rations {@e1}
 D - 3 chunks of flesh {@w0}


   Skills:
 + Level 7.1 Fighting
 * Level 8.9 Long Blades
 + Level 6.3 Armour
 + Level 5.4 Dodging
 + Level 5.2 Invocations


You had 8 spell levels left.
You didn't know any spells.

Dungeon Overview and Level Annotations

Branches:
Dungeon (8/15)             Temple (0/1) D:7
   Lair: D:8-11

Altars:
Elyvilon
Gozag
Hepliaklqana
Makhleb
Nemelex Xobeh
Okawaru
Ru
Sif Muna
Trog
Uskayaw
Wu Jian

Annotations:
D:4 Firecrotchwizard's ghost, amateur MfGl


Innate Abilities, Weirdness & Mutations

You reflexively headbutt those who attack you in melee.
You have a pair of horns on your head.


Message History

You furiously retaliate!
You headbutt the killer bee!
You regained 21 hp, and now have 52/78 hp.
You hit the killer bee. Your headbutt misses the killer bee.
The killer bee closely misses you. The gnoll hits you with a flail.
The killer bee barely misses you.
A gnoll comes into view. It is wielding a halberd.
You take 6 damage, and have 46/78 hp.
The gnoll shouts!
You slash the killer bee!
You kill the killer bee!
Lugonu accepts your kill.
Your Fighting skill increases to level 7!
The killer bee stings you but does no damage.
The gnoll completely misses you. You furiously retaliate!
You headbutt the gnoll!
You riposte.
You slash the gnoll!
You kill the gnoll!
Lugonu accepts your kill.
You hit the killer bee but do no damage.
The killer bee misses you. You furiously retaliate!
You headbutt the killer bee! The killer bee barely misses you.
The killer bee closely misses you.
You riposte.
You hit the killer bee. You closely miss the killer bee.
The killer bee stings you but does no damage. x2
The killer bee barely misses you. You furiously retaliate!
You headbutt the killer bee!
You kill the killer bee!
Lugonu accepts your kill. The killer bee barely misses you.
You hit the killer bee but do no damage.
Your headbutt misses the killer bee. The killer bee barely misses you.
The killer bee stings you but does no damage.
The killer bee barely misses you.
You riposte.
You barely miss the killer bee. Your headbutt misses the killer bee.
The killer bee misses you. You furiously retaliate!
You headbutt the killer bee. You hit the killer bee.
The killer bee stings you but does no damage.
The killer bee barely misses you. The killer bee closely misses you.
You miss the killer bee. The killer bee barely misses you.
The killer bee stings you. The killer bee barely misses you.
The killer bee stings you.
You are poisoned.
The killer bee poisons you!
A gnoll comes into view. It is wielding a whip.
You take 6 damage, and have 42/79 hp.
You barely miss the killer bee. Your headbutt misses the killer bee.
You feel sick. The killer bee stings you.
You are more poisoned.
The killer bee poisons you! The killer bee closely misses you.
The killer bee stings you.
You take 5 damage, and have 37/79 hp.
You miss the killer bee. Your headbutt misses the killer bee.
You feel sick. The killer bee stings you.
You are more poisoned.
The killer bee poisons you! The killer bee barely misses you.
You furiously retaliate!
You headbutt the killer bee.
You kill the killer bee!
Lugonu accepts your kill.
The killer bee stings you but does no damage.
The hound closely misses you.
You take 7 damage, and have 30/79 hp.
You slash the hound! Your headbutt misses the hound.
You feel sick. The killer bee closely misses you. You furiously retaliate!
You headbutt the killer bee.
You riposte.
Your ring mail prevents you from hitting the killer bee.
The killer bee stings you but does no damage.
The hound bites you but does no damage.
You take 1 damage, and have 29/79 hp.
You hit the killer bee.
You feel sick. The killer bee barely misses you.
You riposte.
You miss the killer bee. Your headbutt misses the killer bee.
The hound closely misses you. The killer bee barely misses you.
You furiously retaliate!
You headbutt the killer bee!
You kill the killer bee!
Lugonu accepts your kill.
The gnoll throws a stone.
The stone barely misses you.
You take 1 damage, and have 28/79 hp.
You hit the hound.
You feel sick. The hound bites you but does no damage.
The hound closely misses you.
You riposte.
You closely miss the hound.
The ice beast hits you but does no damage.
You take 2 damage, and have 26/79 hp.
You slash the ice beast!
You feel sick. The hound barely misses you. The gnoll barely misses you.
The ice beast hits you.
* * * LOW HITPOINT WARNING * * *
The ice beast freezes you.
* * * LOW HITPOINT WARNING * * *
You take 9 damage, and have 17/79 hp.
You hit the ice beast but do no damage. You headbutt the ice beast.
You feel sick. The hound bites you but does no damage.
The gnoll hits you from afar with a halberd.
* * * LOW HITPOINT WARNING * * *
The hound bites you but does no damage.
You take 3 damage, and have 14/79 hp.
You closely miss the ice beast. You headbutt the ice beast.
You feel sick. The ice beast barely misses you.
You riposte.
You hit the ice beast. Your headbutt misses the ice beast.
The hound misses you. The gnoll closely misses you.
You barely miss the ice beast. You headbutt the ice beast.
You feel sick. The hound bites you but does no damage. The ice beast hits you.
* * * LOW HITPOINT WARNING * * *
The ice beast freezes you!
You die...

...##
###......#.#
..## ##.......#
..# ###.....# #
.. ##....# .+ .#
##.).##.+ .
##))#..## .
##)....##.
#†.......
##@#.....#
#######Yh##..###
......gg## #.#
.........## #.#
....##.).Y# #.#
... ##.).# #. ..
##..# #h.. .....


You could see an ice beast, a hound and 2 gnolls.

Vanquished Creatures
  Prince Ribbit (D:8)
  A sky beast (D:7)
  2 phantoms
  2 ogres (D:5)
  A wolf (D:8)
  3 centaurs
  2 bullfrogs (D:6)
  2 gnoll sergeants (D:8)
  5 killer bees (D:8)
  5 crimson imps
  A bullfrog zombie (D:5)
  A quasit (D:8)
  A hound (D:4)
  4 orc priests
  3 orc wizards (D:4)
  A bullfrog skeleton (D:4)
  An iguana (D:4)
  3 worker ants (D:4)
  A hound zombie (D:5)
  3 worker ant zombies
  9 gnolls (D:8)
  9 adders
  An ooze (D:4)
  A worm (D:3)
  3 dart slugs
  10 leopard geckos
  23 orcs
  3 bats
  3 giant cockroaches
  4 goblins
  8 hobgoblins
  9 jackals
  2 quokkas
  2 ball pythons
  5 frilled lizards
  7 kobolds
  5 rats
147 creatures vanquished.

Notes
Turn   | Place    | Note
-------+----------+-------------------------------------------
     0 | Abyss:1  | Firecrotchwizard the Minotaur Abyssal Knight began the quest for the Orb.
     0 | Abyss:1  | Reached XP level 1. HP: 19/19 MP: 1/1
    12 | D:1      | Escaped the Abyss
   234 | D:1      | Reached XP level 2. HP: 27/27 MP: 2/2
   242 | D:1      | Reached skill level 2 in Invocations
   771 | D:1      | Reached skill level 3 in Long Blades
   896 | D:2      | Reached ** piety under Lugonu
   902 | D:2      | Reached skill level 4 in Fighting
   903 | D:2      | Found a bloodstained altar of Trog.
   918 | D:2      | Found an iron altar of Okawaru.
   965 | D:2      | Found a deep blue altar of Sif Muna.
  1000 | D:2      | Found a sparkling altar of Nemelex Xobeh.
  1070 | D:2      | Reached XP level 3. HP: 33/33 MP: 3/3
  2116 | D:3      | Reached skill level 3 in Armour
  2165 | D:3      | Reached XP level 4. HP: 40/40 MP: 4/4
  2244 | D:3      | Reached skill level 2 in Dodging
  2310 | D:3      | Reached skill level 4 in Long Blades
  2312 | D:3      | Reached XP level 5. HP: 27/47 MP: 5/5
  2319 | D:3      | Reached *** piety under Lugonu
  2905 | D:3      | Found an opulent altar of Gozag.
  3271 | D:4      | Reached XP level 6. HP: 53/53 MP: 7/7
  3345 | D:4      | Reached skill level 5 in Long Blades
  3345 | D:4      | Reached skill level 3 in Invocations
  3430 | D:4      | Reached skill level 3 in Dodging
  3503 | D:4      | Reached skill level 5 in Fighting
  3503 | D:4      | Reached skill level 4 in Armour
  3794 | D:4      | Found a burning altar of Makhleb.
  3828 | D:4      | Noticed Firecrotchwizard's ghost (amateur MfGl)
  4047 | D:4      | Got a pitted mace
  4150 | D:5      | Entered Level 5 of the Dungeon
  4317 | D:5      | Reached XP level 7. HP: 48/61 MP: 8/8
  4514 | D:5      | Reached skill level 6 in Long Blades
  4945 | D:6      | Reached skill level 4 in Dodging
  5197 | D:6      | Reached skill level 4 in Invocations
  5197 | D:6      | Reached XP level 8. HP: 51/70 MP: 8/10
  5321 | D:6      | Found a white marble altar of Elyvilon.
  5333 | D:6      | Found an ornate altar of the Wu Jian Council.
  5402 | D:6      | Found a sacrificial altar of Ru.
  5402 | D:6      | Found a hazy altar of Hepliaklqana.
  5403 | D:6      | Found a hide-covered altar of Uskayaw.
  5543 | D:6      | Reached skill level 7 in Long Blades
  5543 | D:6      | Reached skill level 5 in Armour
  5705 | D:6      | Reached skill level 6 in Fighting
  5715 | D:6      | Found a deep blue altar of Sif Muna.
  5877 | D:6      | Reached **** piety under Lugonu
  5981 | D:7      | Found a staircase to the Ecumenical Temple.
  6346 | D:7      | Found an iron altar of Okawaru.
  6626 | D:7      | Got a blackened dagger
  6627 | D:7      | Identified the +6 dagger "Dragonslayer" {pain, rN+} (You found it on level 7 of the Dungeon)
  6902 | D:8      | Noticed Prince Ribbit
  6917 | D:8      | Reached skill level 8 in Long Blades
  6917 | D:8      | Reached skill level 5 in Dodging
  6930 | D:8      | Killed Prince Ribbit
  6930 | D:8      | Reached skill level 6 in Armour
  7131 | D:8      | Reached skill level 5 in Invocations
  7228 | D:8      | Reached XP level 9. HP: 45/78 MP: 11/11
  7260 | D:8      | HP: 15/78 [gnoll sergeant/trident of protection (6)]
  7264 | D:8      | HP: 6/78 [gnoll sergeant/trident of protection (4)]
  7273 | D:8      | Reached skill level 7 in Fighting
  7284 | D:8      | HP: 17/79 [ice beast (5)]
  7287 | D:8      | Slain by an ice beast

Vault maps used:
D:1:      tarquinn_simple_flora_water_f, serial_bayou, serial_bayou_pond_b,
          serial_bayou_lake_a, serial_bayou_lagoon_b, serial_bayou_pond_a,
          corexii_leaking_fountain
D:2:      minitemple, lemuel_doored_altar, nemelex_spade_bored_becter
D:3:      lemuel_crystal_altar
D:4:      kennysheep_mini_moat, first_ration, minmay_unequal
D:5:      kb_forest_paths, nicolae_overflow_hidden_temple, corexii_shack
D:6:      gammafunk_temple_overflow_claw, old_standard_altar, basic_altar,
          led_sif_pool
D:7:      minmay_temple_entry_overgrown, serial_glass, glass_columns_b,
          glass_columns_c, basic_altar, dk_noncrumbling_3
D:8:      serial_gnoll_camp, gnoll_camp_huts_basic, gnoll_camp_mini_hut,
          gnoll_camp_medium_01, grums_kennel, grunt_livestock,
          uniq_prince_ribbit1

Skill      XL: |  1  2  3  4  5  6  7  8  9 |
---------------+----------------------------+-----
Invocations    | 2 3 4 5 |  5.2
Long Blades    | 3 4 5 6 8 |  8.9
Fighting       | 4 5 6 7 |  7.1
Armour         | 3 4 6 |  6.3
Dodging        | 2 3 4 5 |  5.4

Action                   |  1- 3 |  4- 6 |  7- 9 || total
-------------------------+-------+-------+-------++-------
Melee: Falchion          |    78 |       |       ||    78
       Headbutt          |    10 |     9 |    45 ||    64
       Long sword        |    14 |   102 |   199 ||   315
Throw: Javelin           |       |    34 |    28 ||    62
  Use: Scroll            |       |     2 |     9 ||    11
       Potion            |       |       |     2 ||     2
  Eat: Chunk             |     4 |     2 |     5 ||    11
       Ration            |       |     2 |     1 ||     3
Armor: Ring mail         |    31 |    37 |    82 ||   150
Dodge: Dodged            |    56 |    65 |   182 ||   303
       Rpst.: Falchion   |    13 |       |       ||    13
       Long sword        |       |    17 |    45 ||    62

Table legend:
 A = Spawn XP
 B = Non-spawn XP
 C = Spawn XP percentage of total XP
 D = Spawn monster count
 E = Non-spawn monster count
 F = Spawn count percentage of total count
 G = Total turns spent on level
                    A         B        C        D         E        F      G
               +---------+---------+-------+---------+---------+-------+---------
         Total |       0 |    3361 |   0.0 |       0 |     147 |   0.0 |  7287
               +---------+---------+-------+---------+---------+-------+---------
           D:1 |       0 |      32 |   0.0 |       0 |      18 |   0.0 |   878
           D:2 |       0 |      42 |   0.0 |       0 |      17 |   0.0 |  1212
           D:3 |       0 |     149 |   0.0 |       0 |      30 |   0.0 |  1010
           D:4 |       0 |     415 |   0.0 |       0 |      18 |   0.0 |  1038
           D:5 |       0 |     483 |   0.0 |       0 |      19 |   0.0 |   756
           D:6 |       0 |     581 |   0.0 |       0 |      13 |   0.0 |  1075
           D:7 |       0 |     511 |   0.0 |       0 |      10 |   0.0 |   838
           D:8 |       0 |    1148 |   0.0 |       0 |      22 |   0.0 |   468
               +---------+---------+-------+---------+---------+-------+---------

Vault maps used:
D:1:      tarquinn_simple_flora_water_f, serial_bayou, serial_bayou_pond_b,
          serial_bayou_lake_a, serial_bayou_lagoon_b, serial_bayou_pond_a,
          corexii_leaking_fountain
D:2:      minitemple, lemuel_doored_altar, nemelex_spade_bored_becter
D:3:      lemuel_crystal_altar
D:4:      kennysheep_mini_moat, first_ration, minmay_unequal
D:5:      kb_forest_paths, nicolae_overflow_hidden_temple, corexii_shack
D:6:      gammafunk_temple_overflow_claw, old_standard_altar, basic_altar,
          led_sif_pool
D:7:      minmay_temple_entry_overgrown, serial_glass, glass_columns_b,
          glass_columns_c, basic_altar, dk_noncrumbling_3
D:8:      serial_gnoll_camp, gnoll_camp_huts_basic, gnoll_camp_mini_hut,
          gnoll_camp_medium_01, grums_kennel, grunt_livestock,
          uniq_prince_ribbit1

Table legend:
 A = Turns spent in this place as a percentage of turns spent in the entire game.
 B = Non-inter-level travel turns spent in this place as a percentage of non-inter-level travel turns spent in the entire game.
 C = Inter-level travel turns spent in this place as a percentage of turns spent in this place.
 D = Turns resting spent in this place as a percentage of non-inter-level travel turns spent in this place.
 E = Turns spent auto-exploring this place as a percentage of non-inter-level travel turns spent in this place.
 F = Non-inter-level travel turns spent in this place divided by the number of levels of this place that you've seen.
                   A       B       C       D       E      F
               +-------+-------+-------+-------+-------+----------------------
         Total | 100.0 | 100.0 |   4.2 |  22.1 |  64.6 | 775.9
       Dungeon |  99.8 |  99.8 |   4.2 |  22.2 |  64.7 | 871.4
         Abyss |   0.2 |   0.2 |   0.0 |   0.0 |   0.0 |  12.0
               +-------+-------+-------+-------+-------+----------------------

Table legend:
 A = Kills in this place as a percentage of kills in entire the game.
 B = Kills by you in this place as a percentage of kills by you in the entire game.
 C = Kills by friends in this place as a percentage of kills by friends in the entire game.
 D = Other kills in this place as a percentage of other kills in the entire game.
 E = Experience gained in this place as a percentage of experience gained in the entire game.
 F = Experience gained in this place divided by the number of levels of this place that you have seen.
                   A       B       C       D       E      F
               +-------+-------+-------+-------+-------+----------------------
         Total | 100.0 | 100.0 |   N/A |   N/A | 100.0 | 373.4
       Dungeon | 100.0 | 100.0 |   N/A |   N/A | 100.0 | 420.1
               +-------+-------+-------+-------+-------+----------------------
